 Dungeon Crawl Stone Soup version 0.19.0-19-g8c6edcc (webtiles) character file.

8313 Ladykiller69 the Martial Artist (level 11, 55/101 HPs)
             Began as a Troll Fighter on Nov 12, 2016.
             Was the Champion of Jiyva.
             Quit the game in a labyrinth.
             The game lasted 00:35:30 (6861 turns).

Ladykiller69 the Martial Artist (Troll Fighter)     Turns: 6861, Time: 00:35:31

Health: 55/101     AC:  5    Str: 16    XL:     11   Next: 8%
Magic:  11/11      EV: 12    Int:  8    God:    Jiyva [******]
Gold:   319        SH: 10    Dex: 13    Spells: 0 memorised, 10 levels left

rFire  x . .     SeeInvis .       - Unarmed
rCold  + . .     Gourm    +     a - +0 robe
rNeg   . . .     Faith    +     b - +0 shield
rPois  .         Spirit   .     (helmet restricted)
rElec  +         Reflect  .     (no cloak)
rCorr  +         Harm     .     (gloves unavailable)
MR     .....                    (boots unavailable)
Stlth  +.........               U - amulet of faith
                                I - ring of ice
                                E - -5 ring of dexterity (curse)

@: no status effects
A: unfitting armour, claws 3, fast metabolism 3, gourmand, regeneration 1,
shaggy fur 1, electricity resistance, tough skin 2, jelly sensing items, subdued
magic 1
a: Request Jelly, Slimify, Cure Bad Mutation, Renounce Religion


You were in a labyrinth.
You worshipped Jiyva.
Jiyva was exalted by your worship.
You were full.

You visited 3 branches of the dungeon, and saw 12 of its levels.
You also visited: Labyrinth.

You collected 319 gold pieces.

Inventory:

Missiles
 f - 265 stones
 g - 7 javelins (quivered)
 o - 3 large rocks
 M - 2 tomahawks
Armour
 a - a +0 robe (worn)
 b - a +0 shield (worn)
Rods
 V - a +2 iron rod (7/11)
   (You took it off a minotaur in a labyrinth)
Jewellery
 E - a cursed -5 ring of dexterity (left claw)
 I - a ring of ice (right claw)
 U - an amulet of faith (around neck)
Wands
 t - a wand of acid (10/15)
 w - a wand of iceblast (5/15)
 F - a wand of flame (30/48)
 G - a wand of lightning (3/15)
 P - a wand of random effects (44/48)
 Q - a wand of digging (13/24)
 Y - a wand of confusion (34/48)
Scrolls
 h - a scroll of teleportation
 j - a scroll of blinking {unknown}
 k - a scroll of remove curse {unknown}
 m - a scroll of identify
 q - a scroll of random uselessness {unknown}
 s - a scroll of noise {unknown}
 v - a scroll of magic mapping {unknown}
 y - 2 scrolls of fog {unknown}
 C - a scroll of enchant weapon {unknown}
 H - a scroll of recharging {unknown}
 N - 2 scrolls of torment {unknown}
Potions
 c - 3 potions of might
 n - 5 potions of lignification
 p - a potion of haste
 x - a potion of magic
 z - a potion of flight
 A - 5 potions of brilliance
 B - 2 potions of ambrosia
 D - 4 potions of mutation
 K - 2 potions of heal wounds
 L - 2 potions of agility
 O - a potion of curing {unknown}
 R - a potion of degeneration {unknown}
 S - a potion of resistance {unknown}
 T - a potion of invisibility {unknown}
Books
 J - a book of Callings

   Spells                             Type                      Level
   a - Summon Small Mammal            Summoning                    1
   b - Call Imp                       Summoning                    2
   c - Call Canine Familiar           Summoning                    3
   d - Summon Guardian Golem          Hexes/Summoning              3
   e - Summon Lightning Spire         Summoning/Air                4
   f - Summon Ice Beast               Ice/Summoning                4
 W - a book of Party Tricks

   Spells                             Type                      Level
   a - Summon Butterflies             Summoning                    1
   b - Apportation                    Translocation                1
   c - Lesser Beckoning               Translocation                3
   d - Tukima's Dance                 Hexes                        3
   e - Alistair's Intoxication        Transmutation/Poison         5
   f - Invisibility                   Hexes                        6
 X - a book of the Tempests

   Spells                             Type                      Level
   a - Static Discharge               Conjuration/Air              3
   b - Lightning Bolt                 Conjuration/Air              5
   c - Fireball                       Conjuration/Fire             5
   d - Tornado                        Air                          9
   e - Shatter                        Earth                        9
 Z - a book of Party Tricks

   Spells                             Type                      Level
   a - Summon Butterflies             Summoning                    1
   b - Apportation                    Translocation                1
   c - Lesser Beckoning               Translocation                3
   d - Tukima's Dance                 Hexes                        3
   e - Alistair's Intoxication        Transmutation/Poison         5
   f - Invisibility                   Hexes                        6
Comestibles
 d - 7 bread rations
 i - 4 slices of pizza
 l - 3 meat rations
 r - a fruit
 u - 3 beef jerkies


   Skills:
 + Level 4.9 Fighting
 + Level 4.9 Dodging
 - Level 9.0 Shields
 + Level 11.4 Unarmed Combat
 + Level 2.2 Evocations


You had 10 spell levels left.
You didn't know any spells.

Dungeon Overview and Level Annotations

Branches:
Dungeon (10/15)            Temple (0/1) D:6            Lair (1/6) D:8
    Orc (1/2) D:10

Altars:
Ashenzari
Cheibriados
Dithmenos
Elyvilon
Fedhas
Kikubaaqudgha
Trog
Xom
Yredelemnul
Zin
Jiyva

Shops:
D:4 [


Innate Abilities, Weirdness & Mutations

You are too large for most types of armour.
You have claws for hands.
Your metabolism is lightning-fast.
You like to eat raw meat.
Your natural rate of healing is unusually fast.
You are covered in fur. (AC +1)
You have very tough skin. (AC +2)
You are resistant to electric shocks. (rElec)
You have a small jelly attached to you that senses nearby items.
Your spells are a little easier to cast, but a little less powerful.


Message History

You hear a squelching noise.
You hear a distant slurping noise.
Jiyva appreciates your sacrifice.
You feel a little less hungry.
You feel better.
You hear a distant slurping noise.
Jiyva appreciates your sacrifice.
You feel a little less hungry.
You feel better.
You hear a squelching noise.
You hear a distant slurping noise.
You feel a little less hungry. Jiyva appreciates your sacrifice.
You feel a little less hungry. Jiyva appreciates your sacrifice.
You feel a little less hungry.
You feel better. Jiyva appreciates your sacrifice.
You feel a little less hungry.
You feel better. Jiyva appreciates your sacrifice.
You feel a little less hungry.
You feel better.
You hear a squelching noise.
Are you sure you want to abandon this character and quit the game? (Confirm with "yes".)

# .# ###.#
#... ###.#
#.@.#
######.####▓
#... .......▓
#######.###.▓
#.#...▓
###.#.▓
...#.▓ #.#
#.▓ ... .▓


There were no monsters in sight!

Vanquished Creatures
  A minotaur (Lab)
  An unseen horror (D:7)
  An orc sorcerer (Orc:1)
  A centaur zombie (D:10)
  A troll (D:9)
  4 hippogriffs
  3 yaks (D:9)
  3 hogs (D:8)
  A human (D:8)
  A hungry ghost (D:10)
  2 wargs (D:8)
  A water moccasin (Lair:1)
  A porcupine (Lair:1)
  2 ice beasts
  3 orc warriors
  A sky beast (D:8)
  A phantom (D:5)
  5 ogres
  A necrophage (D:7)
  7 centaurs
  3 bullfrogs
  2 scorpions
  4 killer bees (D:7)
  5 wights (D:10)
  A bullfrog zombie (D:8)
  4 crimson imps
  2 howler monkeys (D:9)
  A quasit (D:8)
  4 orc priests
  6 hounds
  4 orc wizards
  4 iguanas
  3 worker ants
  A killer bee zombie (D:7)
  A hound zombie (D:6)
  A hound skeleton (D:4)
  7 adders
  An adder skeleton (D:8)
  A dart slug (D:4)
  6 leopard geckos
  22 orcs
  A ball python (D:2)
  7 bats
  7 giant cockroaches
  6 goblins
  2 hobgoblins
  16 jackals
  3 kobolds
  4 quokkas
  A ball python zombie (D:5)
  4 frilled lizards
  A quokka skeleton (D:9)
  3 rats
  A spectral orc (D:7)
180 creatures vanquished.

Vanquished Creatures (collateral kills)
  A hill giant (D:10)
  A komodo dragon (Lair:1)
  A hungry ghost (Lab)
  An earth elemental (Lab)
4 creatures vanquished.

Vanquished Creatures (others)
  Sigmund (D:3)
  A warg (D:10)
  A porcupine (Lair:1)
  An orc warrior (D:8)
  A centaur (D:3)
  2 bullfrogs
  4 scorpions
  A crimson imp (D:6)
  16 jellies
  An orc priest (D:4)
  A bullfrog skeleton (D:8)
  An orc wizard (D:8)
  2 adders
  A dart slug (D:4)
  2 orcs
  2 ball pythons
  A bat (D:2)
  A giant cockroach (D:3)
  5 jackals
  A quokka (D:7)
  2 goblins
  2 rats
  A fungus (Lair:1)
51 creatures vanquished.

Grand Total: 235 creatures vanquished

Notes
Turn   | Place    | Note
-------+----------+-------------------------------------------
     0 | D:1      | Ladykiller69 the Troll Fighter began the quest for the Orb.
     0 | D:1      | Reached XP level 1. HP: 22/22 MP: 0/0
   118 | D:1      | Reached XP level 2. HP: 29/29 MP: 1/1
   639 | D:1      | Reached XP level 3. HP: 36/36 MP: 2/2
   803 | D:2      | Found a glowing silver altar of Zin.
   890 | D:2      | Reached skill level 3 in Unarmed Combat
   935 | D:2      | Found a faded altar of an unknown god.
   963 | D:2      | Became a worshipper of Jiyva Juaref the Shapeless
   963 | D:2      | Reached * piety under Jiyva
  1009 | D:2      | Reached XP level 4. HP: 44/44 MP: 3/3
  1538 | D:3      | Killed Sigmund
  1583 | D:3      | Reached ** piety under Jiyva
  1589 | D:3      | Killed a centaur
  1815 | D:4      | Reached *** piety under Jiyva
  1816 | D:4      | Gained mutation: You have a pair of small horns on your head. [Jiyva's grace]
  1824 | D:4      | Noticed a centaur
  1835 | D:4      | Killed a centaur
  1835 | D:4      | Reached skill level 4 in Unarmed Combat
  1835 | D:4      | Reached XP level 5. HP: 19/53 MP: 4/4
  2012 | D:4      | Found a snail-covered altar of Cheibriados.
  2118 | D:4      | Found Meapn's Antique Armour Shop.
  2263 | D:5      | Entered Level 5 of the Dungeon
  2353 | D:5      | Noticed a centaur
  2361 | D:5      | Killed a centaur
  2361 | D:5      | Reached XP level 6. HP: 53/61 MP: 5/5
  2598 | D:5      | Found a shadowy altar of Dithmenos.
  2684 | D:5      | Reached skill level 5 in Unarmed Combat
  2684 | D:5      | Reached XP level 7. HP: 67/67 MP: 6/6
  3099 | D:6      | Found a staircase to the Ecumenical Temple.
  3162 | D:6      | Reached skill level 6 in Unarmed Combat
  3432 | D:7      | Reached XP level 8. HP: 78/78 MP: 7/7
  3472 | D:7      | Found a basalt altar of Yredelemnul.
  3513 | D:7      | Found a white marble altar of Elyvilon.
  3552 | D:7      | Killed an unseen horror
  3552 | D:7      | Reached skill level 5 in Shields
  3552 | D:7      | Reached skill level 7 in Unarmed Combat
  3935 | D:7      | Noticed a hippogriff
  3941 | D:7      | Killed a hippogriff
  3941 | D:7      | Reached skill level 8 in Unarmed Combat
  3941 | D:7      | Reached XP level 9. HP: 50/84 MP: 8/8
  3983 | D:7      | Found an ancient bone altar of Kikubaaqudgha.
  3987 | D:7      | Found a bloodstained altar of Trog.
  3990 | D:7      | Found a shimmering altar of Xom.
  4065 | D:7      | Reached **** piety under Jiyva
  4245 | D:7      | Gained mutation: You have a pair of horns on your head. [Jiyva's grace]
  4472 | D:8      | Reached skill level 9 in Unarmed Combat
  4656 | D:8      | Found a staircase to the Lair.
  4686 | D:8      | Lost mutation: You have a pair of horns on your head. [Jiyva's grace]
  4692 | D:8      | Reached ***** piety under Jiyva
  5047 | D:9      | Reached skill level 10 in Unarmed Combat
  5053 | D:9      | Reached XP level 10. HP: 50/92 MP: 9/9
  5091 | D:9      | Found a shattered altar of Ashenzari.
  5106 | D:9      | Lost mutation: You have a pair of small horns on your head. [Jiyva's grace]
  5218 | D:9      | Found a blossoming altar of Fedhas.
  5355 | D:10     | Entered Level 10 of the Dungeon
  5605 | D:10     | Found a staircase to the Orcish Mines.
  5606 | D:10     | Gained mutation: You are resistant to electric shocks. (rElec) [Jiyva's grace]
  5606 | D:10     | Reached ****** piety under Jiyva
  5619 | D:10     | Reached skill level 11 in Unarmed Combat
  5841 | D:10     | Noticed a hill giant
  5850 | D:10     | Killed a hill giant
  5850 | D:10     | Reached skill level 1 in Evocations
  6135 | Orc:1    | Entered Level 1 of the Orcish Mines
  6136 | Orc:1    | Noticed an orc sorcerer
  6138 | Orc:1    | Noticed an orc warlord
  6147 | Orc:1    | Killed an orc sorcerer
  6181 | D:10     | Gained mutation: You have a small jelly attached to you that senses nearby items. [Jiyva's grace]
  6268 | Lair:1   | Entered Level 1 of the Lair of Beasts
  6550 | Lair:1   | Found a labyrinth entrance.
  6557 | Lab      | Entered a labyrinth
  6810 | Lab      | Noticed a minotaur
  6822 | Lab      | HP: 4/94 [minotaur/iron rod (10)]
  6823 | Lab      | Killed a minotaur
  6823 | Lab      | Reached XP level 11. HP: 3/101 MP: 11/11
  6848 | Lab      | Gained mutation: Your spells are a little easier to cast, but a little less powerful. [Jiyva's grace]
  6861 | Lab      | Quit the game

Skill      XL: |  1  2  3  4  5  6  7  8  9 10 |
---------------+-------------------------------+-----
Unarmed Combat | 3 4 5 6 8 10 11 | 11.4
Shields        | 3 4 6 8 9 |  9.0
Fighting       | 3 4 |  4.9
Dodging        | 3 4 |  4.9
Evocations     | 2 |  2.2

Action                   |  1- 3 |  4- 6 |  7- 9 | 10-12 || total
-------------------------+-------+-------+-------+-------++-------
Melee: Unarmed           |   133 |   101 |   264 |   174 ||   672
       Headbutt          |       |    11 |    49 |     7 ||    67
Invok: Request Jelly     |       |     2 |       |     4 ||     6
  Use: Scroll            |       |       |       |    11 ||    11
 Stab: Sleeping          |       |     2 |     3 |     2 ||     7
  Eat: Chunk             |    13 |    13 |    14 |       ||    40
Armor: Robe              |    39 |    25 |    30 |    12 ||   106
Dodge: Dodged            |    48 |    31 |    81 |    54 ||   214
Block: Shield            |    60 |    45 |   118 |    91 ||   314
